PUB
ORLANDO ORACLES @ IRON CITY EDDIES
07/20/1972
 
TOP OF THE 1ST
Orlando Oracles batting - Pitching for Iron City Eddies : LHP Rich Nye
Pitching: LHP Rich Nye
Batting: RHB Cesar Cedeno 0-0: Foul Ball, location: 7LDF
0-1: DOUBLE (Line Drive, 78XD, EV 106.3 MPH)
Batting: RHB Edward Wilson 0-0: Ground out 4-3 (Groundball, 4, EV 106.3 MPH)
Cesar Cedeno to third
Batting: RHB Miguel Chávez 0-0: Ball
1-0: Ball
2-0: Ball
3-0: Base on Balls
Batting: RHB Bill Freehan 0-0: Ball
1-0: Ball
2-0: Ball
3-0: Base on Balls
Miguel Chávez to second
Batting: RHB Dan Brown 0-0: Fielders Choice at 2nd, 6-4 (Groundball, 6S, EV 81.9 MPH)
Cesar Cedeno scores
Miguel Chávez to third
Batting: LHB Ken'ichi Taketo 0-0: Ball
1-0: Foul Ball, location: 7LSF
1-1: Foul Ball, location: 7LSF
1-2: Foul Ball, location: 7LMF
1-2: Ball
2-2: Fly out, F4 (Popup, 3DF, EV 63.8 MPH)
Top of the 1st over - 1 run, 1 hit, 0 errors, 2 left on base; Orlando 1 - Iron City 0
BOTTOM OF THE 1ST
Iron City Eddies batting - Pitching for Orlando Oracles : RHP Nelson Britt
Pitching: RHP Nelson Britt
Batting: LHB Johnny Callison 0-0: Ball
1-0: Ball
2-0: Foul Ball, location: 7LDF
2-1: Ball
3-1: Fly out, F2 (Popup, 23F, EV 91.9 MPH)
Batting: LHB Fernando Pérez 0-0: Swinging Strike
0-1: Ball
1-1: Ball
2-1: Foul Ball, location: 23F
2-2: Strikes out swinging
Batting: LHB Willie Stargell 0-0: Called Strike
0-1: Foul Ball, location: 2F
0-2: Ball
1-2: SINGLE (Line Drive, 6MD, EV 101.9 MPH)
Batting: RHB Dwaine Bullivant 0-0: Called Strike
0-1: Ball
1-1: SINGLE (Groundball, 4D, EV 102.5 MPH)
Willie Stargell to second
Runner from 2nd tries for 3rd, SAFE, throw by CF made to third
Batting: RHB Jason Wright 0-0: Called Strike
0-1: Ball
1-1: Ball
2-1: Ball
3-1: Foul Ball, location: 5FF
3-2: 3-RUN HOME RUN (Flyball, 89XD, EV 99.4 MPH), Distance : 385 ft
Batting: LHB Vic Davalillo 0-0: Called Strike
0-1: Foul Ball, location: 9LMF
0-2: Strikes out swinging
Bottom of the 1st over - 3 runs, 3 hits, 0 errors, 0 left on base; Orlando 1 - Iron City 3
TOP OF THE 2ND
Orlando Oracles batting - Pitching for Iron City Eddies : LHP Rich Nye
Batting: LHB Matty Alou 0-0: Swinging Strike
0-1: Swinging Strike
0-2: Ball
1-2: Foul Ball, location: 9LMF
1-2: Foul Ball, location: 7LSF
1-2: Foul Ball, location: 2RF
1-2: Ball
2-2: Strikes out swinging
Batting: RHB Eric Jacobs 0-0: Ground out 4-3 (Groundball, 4, EV 81.3 MPH)
Batting: SHB Nelson Britt 0-0: Ball
1-0: Foul Ball, location: 3F
1-1: Ball
2-1: Ground out 1-3 (Groundball, 13S, EV 66.3 MPH)
Top of the 2nd over - 0 runs, 0 hits, 0 errors, 0 left on base; Orlando 1 - Iron City 3
BOTTOM OF THE 2ND
Iron City Eddies batting - Pitching for Orlando Oracles : RHP Nelson Britt
Batting: SHB Kevin McPherson 0-0: Ground out U3 (Groundball, 13, EV 81.9 MPH)
Batting: RHB Alex Díaz 0-0: Fly out, F5 (Line Drive, 5, EV 68.8 MPH)
Batting: LHB Rich Nye 0-0: SINGLE (Groundball, 6MD, EV 98.1 MPH)
Batting: LHB Johnny Callison 0-0: Ball
1-0: Foul Ball, location: 5F
1-1: Foul Ball, location: 2F
1-2: Ball
2-2: Ball
3-2: Fly out, F7 (Flyball, 78S, EV 80.0 MPH)
Bottom of the 2nd over - 0 runs, 1 hit, 0 errors, 1 left on base; Orlando 1 - Iron City 3
TOP OF THE 3RD
Orlando Oracles batting - Pitching for Iron City Eddies : LHP Rich Nye
Batting: RHB Cesar Cedeno 0-0: Called Strike
0-1: Foul Ball, location: 9LMF
0-2: Fly out, F6 (Line Drive, 6M, EV 65.6 MPH)
Batting: RHB Edward Wilson 0-0: Ball
1-0: Foul Ball, location: 25FF
1-1: Ball
2-1: Foul Ball, location: 2F
2-2: Ground out 1-3 (Groundball, 13S, EV 71.3 MPH)
Batting: RHB Miguel Chávez 0-0: Ball
1-0: Swinging Strike
1-1: Ball
2-1: DOUBLE (Flyball, 89D, EV 100.0 MPH)
Batting: RHB Bill Freehan 0-0: Ball
1-0: Ball
2-0: Called Strike
2-1: Swinging Strike
2-2: Foul Ball, location: 25F
2-2: Ball
3-2: Strikes out swinging
Top of the 3rd over - 0 runs, 1 hit, 0 errors, 1 left on base; Orlando 1 - Iron City 3
BOTTOM OF THE 3RD
Iron City Eddies batting - Pitching for Orlando Oracles : RHP Nelson Britt
Batting: LHB Fernando Pérez 0-0: SOLO HOME RUN (Flyball, 89XD, EV 105.6 MPH), Distance : 412 ft
Batting: LHB Willie Stargell 0-0: Foul Ball, location: 5F
0-1: Ball
1-1: Fly out, F7 (Flyball, 7LS, EV 93.8 MPH)
Batting: RHB Dwaine Bullivant 0-0: Foul Ball, location: 9LSF
0-1: Foul Ball, location: 2F
0-2: SOLO HOME RUN (Flyball, 9D, EV 92.5 MPH), Distance : 357 ft
Batting: RHB Jason Wright 0-0: Ball
1-0: Ball
2-0: Ball
3-0: Called Strike
3-1: SOLO HOME RUN (Flyball, 78XD, EV 104.4 MPH), Distance : 402 ft
Batting: LHB Vic Davalillo 0-0: SINGLE (Line Drive, 9LS, EV 89.4 MPH)
Batting: SHB Kevin McPherson 0-0: Ball
1-0: Called Strike
1-1: Swinging Strike
1-2: Foul Ball, location: 7LMF
1-2: Ball
2-2: Fly out, F8 (Flyball, 8LD, EV 80.6 MPH)
Batting: RHB Alex Díaz 0-0: Foul Ball, location: 2F
0-1: Ball
1-1: Ball
2-1: Fly out, F3 (Popup, 3F, EV 73.1 MPH)
Bottom of the 3rd over - 3 runs, 4 hits, 0 errors, 1 left on base; Orlando 1 - Iron City 6
TOP OF THE 4TH
Orlando Oracles batting - Pitching for Iron City Eddies : LHP Rich Nye
Batting: RHB Dan Brown 0-0: Ball
1-0: Ball
2-0: Foul Ball, location: 3SF
2-1: Foul Ball, location: 7LSF
2-2: Ball
3-2: Strikes out swinging
Batting: LHB Ken'ichi Taketo 0-0: Called Strike
0-1: Called Strike
0-2: Ball
1-2: Ground out 6-3 (Groundball, 6, EV 105.6 MPH)
Batting: LHB Matty Alou 0-0: Foul Ball, location: 7LSF
0-1: Called Strike
0-2: Ball
1-2: Foul Ball, location: 2F
1-2: Fly out, F9 (Flyball, 9, EV 92.5 MPH)
Top of the 4th over - 0 runs, 0 hits, 0 errors, 0 left on base; Orlando 1 - Iron City 6
BOTTOM OF THE 4TH
Iron City Eddies batting - Pitching for Orlando Oracles : RHP Nelson Britt
Batting: LHB Rich Nye 0-0: Called Strike
0-1: SINGLE (Groundball, 6D, EV 100.0 MPH)
Pitching: RHP Flynn Reeves
Batting: LHB Johnny Callison 0-0: Called Strike
0-1: Ball
1-1: Swinging Strike
1-2: Strikes out swinging
Batting: LHB Fernando Pérez 0-0: Called Strike
0-1: Swinging Strike
0-2: Ball
1-2: Ball
2-2: Ball
3-2: Foul Ball, location: 7LDF
3-2: Strikes out swinging
Batting: LHB Willie Stargell 0-0: Fly out, F9 (Flyball, 9, EV 92.5 MPH)
Bottom of the 4th over - 0 runs, 1 hit, 0 errors, 1 left on base; Orlando 1 - Iron City 6
TOP OF THE 5TH
Orlando Oracles batting - Pitching for Iron City Eddies : LHP Rich Nye
Batting: RHB Eric Jacobs 0-0: Ball
1-0: Ball
2-0: Fly out, F3 (Popup, 3F, EV 65.0 MPH)
Batting: RHB Flynn Reeves 0-0: SINGLE (Line Drive, 8RS, EV 103.8 MPH)
Batting: RHB Cesar Cedeno 0-0: Called Strike
0-1: 2-RUN HOME RUN (Flyball, 78XD, EV 96.9 MPH), Distance : 385 ft
Batting: RHB Edward Wilson 0-0: Ball
1-0: Ball
2-0: Fly out, F2 (Popup, 2LF, EV 86.3 MPH)
Batting: RHB Miguel Chávez 0-0: Called Strike
0-1: Ground out 6-3 (Groundball, 6M, EV 84.4 MPH)
Top of the 5th over - 2 runs, 2 hits, 0 errors, 0 left on base; Orlando 3 - Iron City 6
BOTTOM OF THE 5TH
Iron City Eddies batting - Pitching for Orlando Oracles : RHP Flynn Reeves
Batting: RHB Dwaine Bullivant 0-0: Called Strike
0-1: Ball
1-1: Foul Ball, location: 3DF
1-2: Foul Ball, location: 3FF
1-2: Foul Ball, location: 2F
1-2: Ball
2-2: Strikes out looking
Batting: RHB Jason Wright 0-0: Called Strike
0-1: Fly out, F9 (Line Drive, 9, EV 104.4 MPH)
Batting: LHB Vic Davalillo 0-0: Ball
1-0: Ball
2-0: Called Strike
2-1: Swinging Strike
2-2: Strikes out swinging
Bottom of the 5th over - 0 runs, 0 hits, 0 errors, 0 left on base; Orlando 3 - Iron City 6
TOP OF THE 6TH
Orlando Oracles batting - Pitching for Iron City Eddies : LHP Rich Nye
Batting: RHB Bill Freehan 0-0: Ball
1-0: Ground out 6-3 (Groundball, 6, EV 107.5 MPH)
Batting: RHB Dan Brown 0-0: Ball
1-0: SINGLE (Groundball, 34D, EV 101.9 MPH)
Batting: LHB Ken'ichi Taketo 0-0: Foul Ball, location: 2F
0-1: Ball
1-1: Foul Ball, location: 2F
1-2: Strikes out swinging
Batting: LHB Matty Alou 0-0: Ball
1-0: Foul Ball, location: 25F
1-1: Ground out U3 (Groundball, 23, EV 86.3 MPH)
Top of the 6th over - 0 runs, 1 hit, 0 errors, 1 left on base; Orlando 3 - Iron City 6
BOTTOM OF THE 6TH
Iron City Eddies batting - Pitching for Orlando Oracles : RHP Flynn Reeves
Batting: SHB Kevin McPherson 0-0: Called Strike
0-1: Ball
1-1: Ball
2-1: Reached on error, E6 (Groundball, 6S, EV 91.9 MPH)
Batting: RHB Alex Díaz 0-0: Fly out, F7 (Flyball, 7, EV 77.5 MPH)
Batting: LHB Rich Nye 0-0: Bunted foul
0-1: Bunted foul
0-2: Sac Bunt to 15 - play at first, batter OUT! 1-4
Kevin McPherson to second
Batting: LHB Johnny Callison 0-0: Called Strike
0-1: Foul Ball, location: 7LSF
0-2: Ball
1-2: Ground out 6-3 (Groundball, 56, EV 81.3 MPH)
Bottom of the 6th over - 0 runs, 0 hits, 1 error, 1 left on base; Orlando 3 - Iron City 6
TOP OF THE 7TH
Orlando Oracles batting - Pitching for Iron City Eddies : LHP Rich Nye
Now at C: Jing-xiang Lok
Batting: RHB Eric Jacobs 0-0: Called Strike
0-1: Ball
1-1: Called Strike
1-2: Ball
2-2: Fly out, F8 (Flyball, 8LD, EV 95.6 MPH)
Pinch Hitting: LHB Ron Gamble 0-0: Ball
1-0: Ground out 5-3 (Groundball, 56, EV 90.6 MPH)
Batting: RHB Cesar Cedeno 0-0: Foul Ball, location: 25F
0-1: Ground out 5-3 (Groundball, 5L, EV 85.6 MPH)
Top of the 7th over - 0 runs, 0 hits, 0 errors, 0 left on base; Orlando 3 - Iron City 6
BOTTOM OF THE 7TH
Iron City Eddies batting - Pitching for Orlando Oracles : RHP Flynn Reeves
Pitching: RHP Dean Chance
Batting: LHB Fernando Pérez 0-0: Ball
1-0: Fly out, F9 (Flyball, 9, EV 90.0 MPH)
Batting: LHB Willie Stargell 0-0: Ball
1-0: Ball
2-0: Ball
3-0: Base on Balls
Batting: RHB Dwaine Bullivant 0-0: Called Strike
0-1: Ball
1-1: Ball
2-1: Foul Ball, location: 3F
2-2: Fielders Choice at 2nd, 1-4 (Groundball, 15S, EV 71.3 MPH)
Batting: RHB Jason Wright 0-0: Called Strike
0-1: Ball
1-1: SINGLE (Flyball, 9LS, EV 88.1 MPH)
Dwaine Bullivant to second
Runner from 2nd tries for 3rd, SAFE, throw by RF made to third
Batting: LHB Vic Davalillo 0-0: Fly out, F7 (Line Drive, 7S, EV 92.5 MPH)
Bottom of the 7th over - 0 runs, 1 hit, 0 errors, 2 left on base; Orlando 3 - Iron City 6
TOP OF THE 8TH
Orlando Oracles batting - Pitching for Iron City Eddies : LHP Rich Nye
Batting: RHB Edward Wilson 0-0: DOUBLE (Line Drive, 89XD, EV 105.6 MPH)
Batting: RHB Miguel Chávez 0-0: Called Strike
0-1: Foul Ball, location: 9LMF
0-2: Ball
1-2: Foul Ball, location: 9LMF
1-2: Ball
2-2: Ball
3-2: Foul Ball, location: 9LMF
3-2: Base on Balls
Batting: RHB Bill Freehan 0-0: Ball
1-0: Ball
2-0: Grounds into double play, 4-6-3 (Groundball, 4, EV 85.6 MPH)
Edward Wilson to third
Batting: RHB Dan Brown 0-0: Called Strike
0-1: Ball
1-1: Foul Ball, location: 5F
1-2: Ball
2-2: Ball
3-2: Base on Balls
Pinch Hitting: RHB Bob Robertson 0-0: DOUBLE (Flyball, 8LXD, EV 103.8 MPH)
Edward Wilson scores
Dan Brown to third
Runner from 3rd tries for Home, SAFE, throw by CF to home
Pitching: LHP Billy McCool
Now in RF: Jed Hembree
Batting: LHB Matty Alou 0-0: Ball
1-0: Called Strike
1-1: Ball
2-1: Foul Ball, location: 9LSFF
2-2: Ball
3-2: Ground out 5-3 (Groundball, 5, EV 83.1 MPH)
Top of the 8th over - 2 runs, 2 hits, 0 errors, 1 left on base; Orlando 5 - Iron City 6
BOTTOM OF THE 8TH
Iron City Eddies batting - Pitching for Orlando Oracles : RHP Dean Chance
Now at 3B: Brian Burkill
Batting: LHB Jing-xiang Lok 0-0: Ball
1-0: Ball
2-0: Swinging Strike
2-1: Called Strike
2-2: Strikes out swinging
Batting: RHB Alex Díaz 0-0: Foul Ball, location: 25FF
0-1: Ball
1-1: Ball
2-1: Ball
3-1: Called Strike
3-2: Base on Balls
Batting: RHB Jed Hembree 0-0: Ball
1-0: Called Strike
1-1: Ball
Alex Díaz is caught stealing 2nd base 2-4
2-1: Called Strike
2-2: Ball
3-2: SINGLE (Groundball, 56D, EV 102.5 MPH)
Batting: LHB Johnny Callison 0-0: Called Strike
0-1: Called Strike
0-2: Ball
1-2: Strikes out swinging
Bottom of the 8th over - 0 runs, 1 hit, 0 errors, 1 left on base; Orlando 5 - Iron City 6
TOP OF THE 9TH
Orlando Oracles batting - Pitching for Iron City Eddies : LHP Billy McCool
Batting: RHB Eric Jacobs 0-0: Called Strike
0-1: Ball
1-1: Ball
2-1: DOUBLE (Flyball, 8RXD, EV 107.5 MPH)
Pinch Hitting: SHB Ryan Hannigan 0-0: Ball
1-0: Called Strike
1-1: Ball
2-1: Called Strike
2-2: Foul Ball, location: 2F
2-2: SINGLE (Line Drive, 6D, EV 108.1 MPH)
Eric Jacobs to third
Runner from 3rd tries for Home, SAFE, throw by LF to home
Batting: RHB Cesar Cedeno 0-0: Swinging Strike
0-1: Swinging Strike
0-2: Strikes out swinging
Batting: RHB Edward Wilson 0-0: Ball
1-0: Foul Ball, location: 2F
1-1: Ball
2-1: Ball
3-1: Base on Balls
Ryan Hannigan to second
Batting: RHB Miguel Chávez 0-0: Called Strike
0-1: Ball
1-1: Ball
2-1: Foul Ball, location: 3SF
2-2: DOUBLE (Line Drive, 89D, EV 111.9 MPH)
Ryan Hannigan scores
Edward Wilson to third
Runner from 3rd tries for Home, SAFE, throw by CF to trailing runner, SAFE at third!
Batting: RHB Bill Freehan 0-0: Ground out 6-3 (Groundball, 6S, EV 77.5 MPH)
Miguel Chávez scores
Batting: RHB Dan Brown 0-0: Ground out 4-3 (Groundball, 4, EV 86.9 MPH)
Top of the 9th over - 4 runs, 3 hits, 0 errors, 0 left on base; Orlando 9 - Iron City 6
BOTTOM OF THE 9TH
Iron City Eddies batting - Pitching for Orlando Oracles : RHP Dean Chance
Pitching: RHP Juan Flores
Now at C: Ed Herrmann
Batting: LHB Fernando Pérez 0-0: Ball
1-0: Ball
2-0: Ball
3-0: Called Strike
3-1: Foul Ball, location: 2F
3-2: Ground out 1-3 (Groundball, 13S, EV 70.0 MPH)
Batting: LHB Willie Stargell 0-0: Ball
1-0: Foul Ball, location: 2F
1-1: Foul Ball, location: 3FF
1-2: Strikes out looking
Batting: RHB Dwaine Bullivant 0-0: Called Strike
0-1: SINGLE (Groundball, 6MD, EV 93.8 MPH)
Pinch Hitting: LHB Saran Vakil 0-0: Called Strike
0-1: Swinging Strike
0-2: Strikes out swinging
Bottom of the 9th over - 0 runs, 1 hit, 0 errors, 1 left on base; Orlando 9 - Iron City 6
Thursday, April 11th , 2024 - OOTP Baseball 24.8 Build 75